 Dungeon Crawl Stone Soup version 0.28.0-45-g0d030f2227 (webtiles) character file.

Game seed: 11331163515147260695

408 101zpm the Magician (level 7, -1/46 HPs)
             Began as a Djinni Hedge Wizard on Apr 10, 2022.
             Slain by an orc warrior
             ... wielding a +0 trident
              (17 damage)
             ... on level 4 of the Dungeon.
             The game lasted 00:17:47 (6529 turns).

101zpm the Magician (Djinni Hedge Wizard)           Turns: 6529, Time: 00:17:47

Health: -1/46      AC:  2    Str:  9    XL:     7   Next: 13%
Gold:   270        EV: 12    Int: 18    God:
                   SH:  0    Dex: 12

rFire   + + .      SeeInvis .   a - +0 dagger
rCold   x . .      Faith    .   (no shield)
rNeg    . . .      Spirit   .   b - +0 robe
rPois   ∞          Reflect  .   c - +0 hat
rElec   .          Harm     .   (no cloak)
rCorr   .          Rampage  .   (no gloves)
Will    .....                   (boots unavailable)
Stlth   ++........              (no amulet)
HPRegen 0.15/turn               (no ring)
MPRegen 0.00/turn               (no ring)

@: flying
A: sickness immunity, fire resistance 2, cold vulnerability 1, float, innate
caster, HP casting, extra vitality 1
a: no special abilities


You were on level 4 of the Dungeon.
You visited 1 branch of the dungeon, and saw 4 of its levels.

You collected 270 gold pieces.

Inventory:

Hand Weapons
 a - a +0 dagger (weapon)
Missiles
 q - 3 silver boomerangs
Armour
 b - a +0 robe (worn)
 c - a +0 hat (worn)
Jewellery
 i - an amulet of faith
 r - a ring of protection from fire
Scrolls
 e - a scroll of immolation {unknown}
 h - a scroll of enchant armour {unknown}
 k - 2 scrolls of silence {unknown}
 l - a scroll of acquirement {unknown}
 n - 2 scrolls of vulnerability {unknown}
 o - a scroll of brand weapon {unknown}
 p - a scroll of fear {unknown}
Potions
 d - a potion of magic {unknown}
 f - 2 potions of curing
 g - 2 potions of flight {unknown}
 j - a potion of lignification {unknown}
 m - a potion of attraction {unknown}


   Skills:
 + Level 0.5 Fighting
 + Level 3.2 Dodging
 + Level 2.6 Stealth
 + Level 5.1 Spellcasting


You couldn't memorise any spells.
You knew the following spells:

 Your Spells              Type           Power      Damage    Failure   Level
a - Magic Dart            Conj           92%        1d7       1%          1
b - Blink                 Tloc           46%        N/A       2%          2
c - Call Imp              Summ           23%        N/A       2%          2
d - Slow                  Hex            92%        N/A       1%          1
e - Conjure Flame         Conj/Fire      23%        6-21      4%          3
f - Mephitic Cloud        Conj/Pois/Air  23%        N/A       4%          3
g - Shock                 Conj/Air       92%        1d8       1%          1
h - Wereblood             Tmut           23%        N/A       2%          2
i - Swiftness             Air            23%        N/A       4%          3
Your spell library was empty.

Dungeon Overview and Level Annotations

Branches:
Dungeon (4/15)
 Temple: D:4-7

Altars:
Sif Muna
Trog
Yredelemnul


Innate Abilities, Weirdness & Mutations

You are immune to sickness and miasma.
You are immune to poison.
Your flesh is very heat resistant. (rF++)
You are vulnerable to cold. (rC-)
You float through the air rather than walking.
You learn spells naturally, not from books.
Your magical power is your life essence.
You have superior vitality. (+4 MHP)


Message History

The orc warrior is lightly wounded.
Aiming: Shock (safe; 1% risk of failure)
Press: ? - help, Q - select action, (/) - cycle Shift-Dir - straight line, f/p - orc wizard
Aim: an orc wizard, wielding a +0 dagger and wearing a +0 robe (severely wounded, 67% to hit)
The zap hits the orc wizard.
You kill the orc wizard!
The zap hits the orc warrior.
The orc warrior is lightly wounded.
Aiming: Shock (safe; 1% risk of failure)
Press: ? - help, Q - select action, (/) - cycle Shift-Dir - straight line, f - orc warrior
Aim: an orc warrior, wielding a +0 trident and wearing a +0 plate armour (lightly wounded, 74% to hit)
The zap hits the orc warrior.
The orc warrior is lightly wounded.
Casting: Shock (safe; 1% risk of failure)
Confirm with . or Enter, or press ? or * to list all spells.
A shadowy apparition takes form in the air.
The orc warrior hits you from afar with a +0 trident!
Aiming: Shock (safe; 1% risk of failure)
Press: ? - help, Q - select action, (/) - cycle Shift-Dir - straight line, f/p - orc warrior
Aim: an orc warrior, wielding a +0 trident and wearing a +0 plate armour (lightly wounded, ally target, 74% to hit)
The zap hits the orc warrior.
The orc warrior is lightly wounded.
The zap misses the orc.
The orc warrior closely misses you.
The orc hits your shadow imp with a +0 falchion.
Your shadow imp closely misses the orc warrior.
Aiming: Shock (safe; 1% risk of failure)
Press: ? - help, Q - select action, (/) - cycle Shift-Dir - straight line, f/p - orc warrior
Aim: an orc warrior, wielding a +0 trident and wearing a +0 plate armour (lightly wounded, ally target, 74% to hit)
The zap hits the orc warrior.
The orc warrior is lightly wounded.
The zap misses the orc.
The orc warrior hits you from afar with a +0 trident!
The orc barely misses your shadow imp.
Your shadow imp hits the orc warrior but does no damage.
Your magical contamination has completely faded away.
Your shadow imp closely misses the orc warrior.
Your shadow imp closely misses the orc.
The orc warrior hits you from afar with a +0 trident!
You die...

### ####..##
#)..)..##
...####..##
##..## ##5o###
##...## ##o..# .#
###@## ..# ##.###
..#
##..##..#########
#..............#
##..............
#.....#######(.
##....## #..
#......## ###..
#.......####....


You could see an orc warrior (ally target), an orc and a friendly shadow imp
(summoned).

Vanquished Creatures
  A hound (D:4)
  An orc priest (D:4)
  2 iguanas
  2 orc wizards
  Robin (D:2)
  11 adders
  A worm (D:4)
  A dart slug (D:1)
  19 orcs
  8 endoplasms
  4 giant cockroaches
  15 goblins
  7 hobgoblins
  3 jackals (D:2)
  5 kobolds
  5 quokkas
  4 ball pythons
  8 bats
  3 frilled lizards
  4 rats
  A spectral goblin (D:1)
106 creatures vanquished.

Vanquished Creatures (collateral kills)
  An orc (D:3)
  2 giant cockroaches (D:1)
  A quokka (D:1)
  2 kobolds (D:1)
6 creatures vanquished.

Grand Total: 112 creatures vanquished

Notes
Turn   | Place    | Note
-------+----------+-------------------------------------------
     0 | D:1      | 101zpm the Djinni Hedge Wizard began the quest for the Orb.
     0 | D:1      | Reached XP level 1. HP: 15/15 MP: 0/0
   421 | D:1      | Reached XP level 2. HP: 15/21 MP: 0/0
  1178 | D:1      | Reached XP level 3. HP: 19/25 MP: 0/0
  1178 | D:1      | Learned a level 1 spell: Shock
  1392 | D:1      | Found a faded altar of an unknown god.
  1937 | D:2      | Reached skill level 3 in Spellcasting
  2458 | D:2      | Reached XP level 4. HP: 24/31 MP: 0/0
  2591 | D:2      | Noticed Robin
  2836 | D:2      | Killed Robin
  3284 | D:2      | Found a bloodstained altar of Trog.
  3455 | D:3      | Reached XP level 5. HP: 30/35 MP: 0/0
  3455 | D:3      | Learned a level 2 spell: Wereblood
  3552 | D:3      | Reached skill level 4 in Spellcasting
  4330 | D:3      | Reached XP level 6. HP: 38/40 MP: 0/0
  4625 | D:3      | Found a basalt altar of Yredelemnul.
  5520 | D:4      | Identified the +0 scale mail of Recklessness {Harm rN+
                  | Will- Dex+2}
  6332 | D:4      | Reached skill level 5 in Spellcasting
  6332 | D:4      | Reached XP level 7. HP: 41/46 MP: 0/0
  6332 | D:4      | Learned a level 3 spell: Swiftness
  6529 | D:4      | Slain by an orc warrior

Illustrated notes

Levels and vault maps discovered:
D:1:      kennysheep_arrival_forest, layout_basic,
          dreamdust_ecumenical_altar_drowned_temple, minmay_stone_trees_medium,
          minmay_worlds_worst_comb
D:2:      layout_rooms, basic_altar, hex_tiny, uniq_robin
D:3:      layout_loops_cross, gammafunk_temple_overflow_wave,
          grunt_ministairs_8, kennysheep_generic_room_15
D:4:      minmay_angry_zag, layout_layer_cave, chequers_serial_rivers_room_b

Skill      XL: |  1  2  3  4  5  6 |
---------------+-------------------+-----
Spellcasting   | 3 4 5 |  5.1
Stealth        | 2 |  2.6
Dodging        | 3 |  3.2
Fighting       | |  0.5

Action                   |  1- 3 |  4- 6 |  7- 9 || total
-------------------------+-------+-------+-------++-------
Melee: Dagger            |       |    11 |       ||    11
 Cast: Magic Dart        |    89 |    55 |       ||   144
       Slow              |     1 |     2 |       ||     3
       Call Imp          |     4 |     9 |     1 ||    14
       Shock             |       |   119 |    13 ||   132
       Wereblood         |       |     1 |       ||     1
       Swiftness         |       |       |     1 ||     1
Armor: Robe              |     1 |     1 |       ||     2
Dodge: Dodged            |    10 |    28 |     1 ||    39
